TOP OF THE 1ST |
Newark Bulldogs batting - Pitching for Penquannock Overrated Jeter : RHP Leonard Christensen
|
Pitching: RHP Leonard Christensen
|
|
Batting: LHB Will O'Dell
|
0-0: Called Strike 0-1: SINGLE (Groundball, 4MD)
|
Batting: RHB Ben Kearley
|
0-0: Ball Will O'Dell steals 2nd base 1-0: Ground out 6-3 (Groundball, 6) Will O'Dell to third
|
Batting: LHB Carl Hayden
|
0-0: Ball 1-0: Ball 2-0: Foul Ball, location: 2F 2-1: Called Strike 2-2: Ball 3-2: Foul Ball, location: 2F 3-2: Foul Ball, location: 2F 3-2: SINGLE (Flyball, 78M) Will O'Dell scores
|
Batting: RHB Jesús Solís
|
0-0: Called Strike 0-1: Ball 1-1: Foul Ball, location: 2F 1-2: Ground out 6-3 (Groundball, 6S) Carl Hayden to second
|
Batting: RHB Bill Bourland
|
0-0: Foul Ball, location: 2F 0-1: Called Strike 0-2: Ball 1-2: Foul Ball, location: 2F 1-2: Foul Ball, location: 2F 1-2: Ground out U3 (Groundball, 34)
|
Top of the 1st over - 1 run, 2 hits, 0 errors, 1 left on base; Newark 1 - Penquannock 0 |
BOTTOM OF THE 1ST |
Penquannock Overrated Jeter batting - Pitching for Newark Bulldogs : RHP Carl Rojas
|
Pitching: RHP Carl Rojas
|
|
Batting: SHB Martin Goodwin
|
0-0: Swinging Strike 0-1: DOUBLE (Line Drive, 9LD)
|
Batting: LHB Francisco Medina
|
0-0: Foul Ball, location: 2F 0-1: Ball 1-1: Foul Ball, location: 2F 1-2: SINGLE (Flyball, 56D) Martin Goodwin to third
|
Batting: RHB Gary Wyatt
|
0-0: Ball 1-0: Grounds into double play, 6-4-3 (Groundball, 6) Martin Goodwin scores
|
Batting: LHB Eric Powell
|
0-0: Ball 1-0: Called Strike 1-1: Ball 2-1: Ground out U3 (Groundball, 3S)
|
Bottom of the 1st over - 1 run, 2 hits, 0 errors, 0 left on base; Newark 1 - Penquannock 1 |
TOP OF THE 2ND |
Newark Bulldogs batting - Pitching for Penquannock Overrated Jeter : RHP Leonard Christensen
|
Batting: SHB Juan Rodríguez
|
0-0: Ball 1-0: Ball 2-0: Ball 3-0: Swinging Strike 3-1: Base on Balls
|
Batting: RHB José Casillán
|
0-0: Called Strike 0-1: Ball 1-1: Called Strike 1-2: Ball 2-2: Foul Ball, location: 2F 2-2: Ball 3-2: Base on Balls Juan Rodríguez to second
|
Batting: RHB Noah Sturges
|
0-0: Reached on error, E5 (Groundball, 56) Juan Rodríguez to third José Casillán to second
|
Batting: RHB Edgardo Hernández
|
0-0: Foul Ball, location: 2F 0-1: Ball 1-1: Ball 2-1: Ball 3-1: Ground out 3-1 (Groundball, 34S) Juan Rodríguez scores José Casillán to third Noah Sturges to second
|
Batting: LHB Will O'Dell
|
0-0: Ball 1-0: Ball 2-0: Ball 3-0: Called Strike 3-1: Foul Ball, location: 2F 3-2: Fly out, F1 (Line Drive, 15)
|
Batting: RHB Ben Kearley
|
0-0: Swinging Strike 0-1: Swinging Strike 0-2: Foul Ball, location: 2F 0-2: Fly out, F7 (Flyball, 7)
|
Top of the 2nd over - 1 run, 0 hits, 1 error, 2 left on base; Newark 2 - Penquannock 1 |
BOTTOM OF THE 2ND |
Penquannock Overrated Jeter batting - Pitching for Newark Bulldogs : RHP Carl Rojas
|
Batting: SHB Cristián López
|
0-0: Ball 1-0: Called Strike 1-1: SINGLE (Line Drive, 56D)
|
Batting: RHB Manny Perea
|
0-0: Grounds into double play, 6-4-3 (Groundball, 6)
|
Batting: LHB José Morales
|
0-0: Ball 1-0: Ball 2-0: Ball 3-0: Called Strike 3-1: Base on Balls
|
Batting: RHB Phil Wright
|
0-0: Foul Ball, location: 2F 0-1: Fly out, F4 (Popup, 34)
|
Bottom of the 2nd over - 0 runs, 1 hit, 0 errors, 1 left on base; Newark 2 - Penquannock 1 |
TOP OF THE 3RD |
Newark Bulldogs batting - Pitching for Penquannock Overrated Jeter : RHP Leonard Christensen
|
Batting: LHB Carl Hayden
|
0-0: Called Strike 0-1: Foul Ball, location: 2F 0-2: Ball 1-2: Ball 2-2: Ball 3-2: Base on Balls
|
Batting: RHB Jesús Solís
|
0-0: Ball 1-0: Hit by Pitch Carl Hayden to second
|
Batting: RHB Bill Bourland
|
0-0: Ball 1-0: Called Strike 1-1: DOUBLE (Line Drive, 7LM) Carl Hayden scores Jesús Solís to third Runner from 3rd tries for Home, SAFE, no throw
|
Batting: SHB Juan Rodríguez
|
0-0: Called Strike 0-1: Ball 1-1: Foul Ball, location: 2F 1-2: SINGLE (Line Drive, 8RS) Bill Bourland to third
|
Pitching: LHP Brian Gunther
|
|
Batting: RHB José Casillán
|
0-0: Ball 1-0: Foul Ball, location: 2F 1-1: Ball 2-1: Ball 3-1: Base on Balls Juan Rodríguez to second
|
Batting: RHB Noah Sturges
|
0-0: Ball 1-0: Ball 2-0: Ball 3-0: Called Strike 3-1: Base on Balls Bill Bourland scores Juan Rodríguez to third José Casillán to second
|
Batting: RHB Edgardo Hernández
|
0-0: Swinging Strike 0-1: Called Strike 0-2: Ball 1-2: Strikes out swinging
|
Batting: LHB Will O'Dell
|
0-0: Ball 1-0: Ball 2-0: Ball 3-0: Called Strike 3-1: Foul Ball, location: 2F 3-2: Base on Balls Juan Rodríguez scores José Casillán to third Noah Sturges to second
|
Batting: RHB Ben Kearley
|
0-0: Ground out U3 (Groundball, 3S) José Casillán scores Noah Sturges to third Will O'Dell to second
|
Batting: LHB Carl Hayden
|
0-0: Called Strike 0-1: Fly out, F9 (Flyball, 89M)
|
Top of the 3rd over - 5 runs, 2 hits, 0 errors, 2 left on base; Newark 7 - Penquannock 1 |
BOTTOM OF THE 3RD |
Penquannock Overrated Jeter batting - Pitching for Newark Bulldogs : RHP Carl Rojas
|
Batting: LHB Matt Reese
|
0-0: Swinging Strike 0-1: Foul Ball, location: 2F 0-2: Foul Ball, location: 2F 0-2: Strikes out looking
|
Batting: SHB Martin Goodwin
|
0-0: Ball 1-0: Foul Ball, location: 2F 1-1: Ball 2-1: Fly out, F3 (Line Drive, 34)
|
Batting: LHB Francisco Medina
|
0-0: Hit by Pitch
|
Batting: RHB Gary Wyatt
|
0-0: Foul Ball, location: 2F 0-1: Ball 1-1: Ball 2-1: Foul Ball, location: 2F 2-2: SINGLE (Line Drive, 56) Francisco Medina to second
|
Batting: LHB Eric Powell
|
0-0: Ball 1-0: Reached on error, E3 (Groundball, 3) Francisco Medina to third Gary Wyatt to second
|
Batting: SHB Cristián López
|
0-0: Ground out 6-3 (Groundball, 6M)
|
Bottom of the 3rd over - 0 runs, 1 hit, 1 error, 3 left on base; Newark 7 - Penquannock 1 |
TOP OF THE 4TH |
Newark Bulldogs batting - Pitching for Penquannock Overrated Jeter : LHP Brian Gunther
|
Batting: RHB Jesús Solís
|
0-0: Ball 1-0: Ball 2-0: SOLO HOME RUN (Flyball, 7D), Distance : 363 ft
|
Batting: RHB Bill Bourland
|
0-0: Foul Ball, location: 2F 0-1: Ball 1-1: Called Strike 1-2: Ball 2-2: Strikes out looking
|
Batting: SHB Juan Rodríguez
|
0-0: Ball 1-0: Ball 2-0: Ball 3-0: Called Strike 3-1: Base on Balls
|
Batting: RHB José Casillán
|
0-0: Ball 1-0: Fielders Choice at 2nd, 4-6 (Groundball, 4)
|
Batting: RHB Noah Sturges
|
0-0: Ball 1-0: Foul Ball, location: 2F 1-1: Hit by Pitch José Casillán to second
|
Batting: RHB Edgardo Hernández
|
0-0: Swinging Strike 0-1: Foul Ball, location: 2F 0-2: Foul Ball, location: 2F 0-2: Foul Ball, location: 2F 0-2: SINGLE (Groundball, 56S) (infield hit) José Casillán to third Noah Sturges to second
|
Batting: LHB Will O'Dell
|
0-0: Called Strike 0-1: Ball 1-1: Ball 2-1: Swinging Strike 2-2: Foul Ball, location: 2F 2-2: Foul Ball, location: 2F 2-2: Ball 3-2: Fly out, F9 (Flyball, 89D)
|
Top of the 4th over - 1 run, 2 hits, 0 errors, 3 left on base; Newark 8 - Penquannock 1 |
BOTTOM OF THE 4TH |
Penquannock Overrated Jeter batting - Pitching for Newark Bulldogs : RHP Carl Rojas
|
Batting: RHB Manny Perea
|
0-0: Ball 1-0: Foul Ball, location: 2F 1-1: Ball 2-1: SINGLE (Line Drive, 6MD)
|
Batting: LHB José Morales
|
0-0: Foul Ball, location: 2F 0-1: Ball 1-1: Ball 2-1: Ball 3-1: Base on Balls Manny Perea to second
|
Batting: RHB Phil Wright
|
0-0: Called Strike 0-1: Ball 1-1: Ball 2-1: Ball 3-1: Called Strike 3-2: Fly out, F7 (Flyball, 7D)
|
Batting: LHB Matt Reese
|
0-0: Ball 1-0: Ball 2-0: Ball 3-0: Called Strike 3-1: Foul Ball, location: 2F 3-2: Base on Balls Manny Perea to third José Morales to second
|
Batting: SHB Martin Goodwin
|
0-0: Ball 1-0: Swinging Strike 1-1: Ball 2-1: Fly out, F8 (Flyball, 8LS) Runner from 3rd tags up, SCORES, no throw
|
Batting: LHB Francisco Medina
|
0-0: DOUBLE (Line Drive, 89XD) José Morales scores Matt Reese to third Runner from 3rd tries for Home, SAFE, no throw
|
Batting: RHB Gary Wyatt
|
0-0: Foul Ball, location: 2F 0-1: Ball 1-1: Ball 2-1: Foul Ball, location: 2F 2-2: Ball 3-2: Foul Ball, location: 2F 3-2: Strikes out looking
|
Bottom of the 4th over - 3 runs, 2 hits, 0 errors, 1 left on base; Newark 8 - Penquannock 4 |
TOP OF THE 5TH |
Newark Bulldogs batting - Pitching for Penquannock Overrated Jeter : LHP Brian Gunther
|
Batting: RHB Ben Kearley
|
0-0: Called Strike 0-1: Ball 1-1: SINGLE (Line Drive, 56D)
|
Batting: LHB Carl Hayden
|
0-0: Ball 1-0: Ball 2-0: Called Strike 2-1: Foul Ball, location: 2F 2-2: Foul Ball, location: 2F 2-2: Fly out, F9 (Flyball, 9D)
|
Batting: RHB Jesús Solís
|
0-0: Ball 1-0: Ball 2-0: Swinging Strike 2-1: Called Strike 2-2: Ball 3-2: Foul Ball, location: 2F 3-2: Strikes out swinging
|
Batting: RHB Bill Bourland
|
0-0: Called Strike 0-1: Ball 1-1: Ball 2-1: Fielders Choice at 2nd, 6-4 (Groundball, 6)
|
Top of the 5th over - 0 runs, 1 hit, 0 errors, 1 left on base; Newark 8 - Penquannock 4 |
BOTTOM OF THE 5TH |
Penquannock Overrated Jeter batting - Pitching for Newark Bulldogs : RHP Carl Rojas
|
Batting: LHB Eric Powell
|
0-0: Ball 1-0: Ball 2-0: Called Strike 2-1: Swinging Strike 2-2: Fly out, F9 (Flyball, 9LD)
|
Batting: SHB Cristián López
|
0-0: Fly out, F3 (Line Drive, 34)
|
Batting: RHB Manny Perea
|
0-0: Ball 1-0: Ball 2-0: Swinging Strike 2-1: Called Strike 2-2: Foul Ball, location: 2F 2-2: Ball 3-2: Foul Ball, location: 2F 3-2: Foul Ball, location: 2F 3-2: Foul Ball, location: 2F 3-2: Foul Ball, location: 2F 3-2: Base on Balls
|
Batting: LHB José Morales
|
0-0: Ball 1-0: Called Strike 1-1: Ball 2-1: Fly out, F5 (Popup, 6S)
|
Bottom of the 5th over - 0 runs, 0 hits, 0 errors, 1 left on base; Newark 8 - Penquannock 4 |
TOP OF THE 6TH |
Newark Bulldogs batting - Pitching for Penquannock Overrated Jeter : LHP Brian Gunther
|
Pitching: RHP Gilbert Bright
|
|
Batting: SHB Juan Rodríguez
|
0-0: Called Strike 0-1: Ball 1-1: Foul Ball, location: 2F 1-2: Ball 2-2: Foul Ball, location: 2F 2-2: Fly out, F7 (Flyball, 7S)
|
Batting: RHB José Casillán
|
0-0: Ball 1-0: Called Strike 1-1: Swinging Strike 1-2: SINGLE (Flyball, 9S)
|
Batting: RHB Noah Sturges
|
0-0: Ball José Casillán steals 2nd base 1-0: Called Strike 1-1: Ball 2-1: Ball 3-1: Called Strike 3-2: Base on Balls
|
Batting: RHB Edgardo Hernández
|
0-0: Called Strike 0-1: SINGLE (Groundball, 34) (infield hit) José Casillán to third Noah Sturges to second
|
Batting: LHB Will O'Dell
|
0-0: Ball 1-0: Ball 2-0: Foul Ball, location: 2F 2-1: Called Strike 2-2: Ball 3-2: GRAND SLAM HOME RUN (Flyball, 9LD), Distance : 349 ft
|
Batting: RHB Ben Kearley
|
0-0: Ball 1-0: Called Strike 1-1: Ball 2-1: Fly out, F2 (Popup, 3SF)
|
Batting: LHB Carl Hayden
|
0-0: Foul Ball, location: 2F 0-1: Ball 1-1: Fly out, F7 (Flyball, 78M)
|
Top of the 6th over - 4 runs, 3 hits, 0 errors, 0 left on base; Newark 12 - Penquannock 4 |
BOTTOM OF THE 6TH |
Penquannock Overrated Jeter batting - Pitching for Newark Bulldogs : RHP Carl Rojas
|
Batting: RHB Phil Wright
|
0-0: SOLO HOME RUN (Flyball, 7LD), Distance : 350 ft
|
Batting: LHB Matt Reese
|
0-0: Ball 1-0: Foul Ball, location: 2F 1-1: Called Strike 1-2: Foul Ball, location: 2F 1-2: Ball 2-2: Fly out, F7 (Flyball, 7D)
|
Batting: SHB Martin Goodwin
|
0-0: Ball 1-0: Ball 2-0: SINGLE (Groundball, 34D)
|
Batting: LHB Francisco Medina
|
0-0: Ball 1-0: Foul Ball, location: 2F 1-1: Called Strike 1-2: Grounds into double play, 4-6-3 (Groundball, 34)
|
Bottom of the 6th over - 1 run, 2 hits, 0 errors, 0 left on base; Newark 12 - Penquannock 5 |
TOP OF THE 7TH |
Newark Bulldogs batting - Pitching for Penquannock Overrated Jeter : RHP Gilbert Bright
|
Batting: RHB Jesús Solís
|
0-0: Ball 1-0: Swinging Strike 1-1: Ball 2-1: Fly out, F5 (Popup, 15S)
|
Batting: RHB Bill Bourland
|
0-0: Ball 1-0: Called Strike 1-1: Foul Ball, location: 2F 1-2: Strikes out swinging
|
Batting: SHB Juan Rodríguez
|
0-0: Foul Ball, location: 2F 0-1: Foul Ball, location: 2F 0-2: Ball 1-2: Foul Ball, location: 2F 1-2: Ball 2-2: Ball 3-2: Base on Balls
|
Batting: RHB José Casillán
|
0-0: Called Strike 0-1: Ball Juan Rodríguez is caught stealing 2nd base
|
Top of the 7th over - 0 runs, 0 hits, 0 errors, 0 left on base; Newark 12 - Penquannock 5 |
BOTTOM OF THE 7TH |
Penquannock Overrated Jeter batting - Pitching for Newark Bulldogs : RHP Carl Rojas
|
Batting: RHB Gary Wyatt
|
0-0: Swinging Strike 0-1: Ball 1-1: Ball 2-1: Foul Ball, location: 2F 2-2: Ground out 6-3 (Groundball, 6)
|
Batting: LHB Eric Powell
|
0-0: Ball 1-0: Swinging Strike 1-1: Swinging Strike 1-2: Fly out, F8 (Flyball, 8LS)
|
Batting: SHB Cristián López
|
0-0: Called Strike 0-1: Ball 1-1: Fly out, F7 (Line Drive, 7)
|
Bottom of the 7th over - 0 runs, 0 hits, 0 errors, 0 left on base; Newark 12 - Penquannock 5 |
TOP OF THE 8TH |
Newark Bulldogs batting - Pitching for Penquannock Overrated Jeter : RHP Gilbert Bright
|
Batting: RHB José Casillán
|
0-0: Swinging Strike 0-1: Ball 1-1: Foul Ball, location: 2F 1-2: Strikes out looking
|
Batting: RHB Noah Sturges
|
0-0: Ball 1-0: Called Strike 1-1: Ground out 6-3 (Groundball, 6MD)
|
Batting: RHB Edgardo Hernández
|
0-0: Foul Ball, location: 2F 0-1: Called Strike 0-2: Ball 1-2: Ground out 4-3 (Groundball, 4)
|
Top of the 8th over - 0 runs, 0 hits, 0 errors, 0 left on base; Newark 12 - Penquannock 5 |
BOTTOM OF THE 8TH |
Penquannock Overrated Jeter batting - Pitching for Newark Bulldogs : RHP Carl Rojas
|
Pitching: LHP Vicente López
|
|
Batting: RHB Manny Perea
|
0-0: Ball 1-0: Foul Ball, location: 2F 1-1: Ball 2-1: Foul Ball, location: 2F 2-2: Ball 3-2: Base on Balls
|
Batting: LHB José Morales
|
0-0: Ball 1-0: Called Strike 1-1: 2-RUN HOME RUN (Flyball, 9D), Distance : 369 ft
|
Batting: RHB Phil Wright
|
0-0: Ball 1-0: Ball 2-0: Fly out, F5 (Popup, 5F)
|
Batting: LHB Matt Reese
|
0-0: Ball 1-0: Ball 2-0: Ball 3-0: Base on Balls
|
Batting: SHB Martin Goodwin
|
0-0: SINGLE (Flyball, 7S) Matt Reese to second
|
Batting: LHB Francisco Medina
|
0-0: Fielders Choice at 2nd, 4-6 (Groundball, 4) Matt Reese to third
|
Batting: RHB Gary Wyatt
|
0-0: Fly out, F4 (Popup, 4)
|
Bottom of the 8th over - 2 runs, 2 hits, 0 errors, 2 left on base; Newark 12 - Penquannock 7 |
TOP OF THE 9TH |
Newark Bulldogs batting - Pitching for Penquannock Overrated Jeter : RHP Gilbert Bright
|
Batting: LHB Will O'Dell
|
0-0: Ball 1-0: Foul Ball, location: 2F 1-1: Foul Ball, location: 2F 1-2: Foul Ball, location: 2F 1-2: Ball 2-2: Ball 3-2: Foul Ball, location: 2F 3-2: SINGLE (Groundball, 4MD)
|
Batting: RHB Ben Kearley
|
0-0: Ball 1-0: Ball 2-0: Swinging Strike 2-1: Ball 3-1: Base on Balls Will O'Dell to second
|
Batting: LHB Carl Hayden
|
0-0: Ball 1-0: Called Strike 1-1: Ball 2-1: Foul Ball, location: 2F 2-2: Strikes out swinging
|
Batting: RHB Jesús Solís
|
0-0: Ball 1-0: Called Strike 1-1: Foul Ball, location: 2F 1-2: Foul Ball, location: 2F 1-2: DOUBLE (Groundball, 5L) Will O'Dell scores Ben Kearley to third
|
Batting: RHB Bill Bourland
|
0-0: Ball 1-0: Ball 2-0: Called Strike 2-1: Ball 3-1: Base on Balls
|
Batting: SHB Juan Rodríguez
|
0-0: Grounds into fielders choice 1-2 (Groundball, 13S) Jesús Solís to third Bill Bourland to second
|
Batting: RHB José Casillán
|
0-0: SINGLE (Flyball, 8RM) Jesús Solís scores Bill Bourland to third Juan Rodríguez to second Runner from 3rd tries for Home, SAFE, no throw
|
Batting: RHB Noah Sturges
|
0-0: Called Strike 0-1: Ball 1-1: Ball 2-1: Foul Ball, location: 2F 2-2: Foul Ball, location: 2F 2-2: Ground out 4-3 (Groundball, 4M)
|
Top of the 9th over - 3 runs, 3 hits, 0 errors, 2 left on base; Newark 15 - Penquannock 7 |
BOTTOM OF THE 9TH |
Penquannock Overrated Jeter batting - Pitching for Newark Bulldogs : LHP Vicente López
|
Batting: LHB Eric Powell
|
0-0: Ball 1-0: Called Strike 1-1: Called Strike 1-2: Ball 2-2: Foul Ball, location: 2F 2-2: Ball 3-2: Base on Balls
|
Batting: SHB Cristián López
|
0-0: Swinging Strike 0-1: Ball 1-1: Fly out, F5 (Line Drive, 5S)
|
Batting: RHB Manny Perea
|
0-0: Foul Ball, location: 2F 0-1: Swinging Strike 0-2: Strikes out swinging
|
Batting: LHB José Morales
|
0-0: Ball 1-0: Fly out, F8 (Flyball, 8LS)
|
Bottom of the 9th over - 0 runs, 0 hits, 0 errors, 1 left on base; Newark 15 - Penquannock 7 |
|